 Dungeon Crawl Stone Soup version 0.27-a0-1193-g8631133539 (webtiles) character file.

Game seed: 1483707687945038955

77 st0uf the Twirler (level 4, 0/27 HPs)
             Began as a Gargoyle Gladiator on May 25, 2021.
             Slain by Robin
             ... wielding a +0 spear
              (5 damage)
             ... on level 2 of the Dungeon.
             The game lasted 00:03:21 (1395 turns).

st0uf the Twirler (Gargoyle Gladiator)              Turns: 1395, Time: 00:03:22

Health: 0/27       AC:  7    Str: 19    XL:     4   Next: 34%
Magic:  4/4        EV: 12    Int:  8    God:
Gold:   52         SH:  0    Dex: 11    Spells: 3/3 levels left

rFire    . . .     SeeInvis .   a - +0 quarterstaff
rCold    . . .     Faith    .   (shield currently unavailable)
rNeg     + . .     Spirit   .   b - +0 leather armour
rPois    ∞         Reflect  .   c - +0 helmet
rElec    +         Harm     .   (no cloak)
rCorr    .         Rampage  .   (no gloves)
Will     .....                  (no boots)
Stlth    +.........             (no amulet)
HPRegen  0.09/turn              (no ring)
MPRegen  0.09/turn              (no ring)

@: no status effects
A: sickness immunity, AC +3, negative energy resistance 1, electricity
resistance, torment resistance 1, petrification resistance
a: no special abilities


You were on level 2 of the Dungeon.
You visited 1 branch of the dungeon, and saw 2 of its levels.

You collected 52 gold pieces.

Inventory:

Hand Weapons
 a - a +0 quarterstaff (weapon)
 e - a +2 dagger of venom
Missiles
 d - 4 throwing nets (quivered)
Armour
 b - a +0 leather armour (worn)
 c - a +0 helmet (worn)
Scrolls
 f - a scroll of fog {unknown}
 g - a scroll of immolation {unknown}
 h - a scroll of identify {unknown}


   Skills:
 + Level 2.7 Fighting
 + Level 4.1 Staves
 + Level 1.9 Throwing
 * Level 2.0 Armour
 - Level 2.4 Dodging
 + Level 0.1 Stealth


You had 3 spell levels left.
You didn't know any spells.
Your spell library was empty.

Dungeon Overview and Level Annotations

Branches:
Dungeon (2/15)

Altars:

Annotations:
D:2 Robin


Innate Abilities, Weirdness & Mutations

You are immune to sickness and miasma.
Your stone body is resilient. (AC +3)
You are immune to poison.
You resist negative energy. (rN+)
You are resistant to electric shocks. (rElec)
You are resistant to unholy torment.
You are immune to petrification.


Message History

The goblin barely misses you.
Robin roars a battlecry!
The goblin goes into a battle-frenzy!
You hit the goblin.
You kill the goblin!
The goblin hits you but does no damage. Robin throws the goblin at you!
The goblin barely misses you.
You see here a +0 club.
You completely miss the goblin. The goblin hits you but does no damage.
The goblin hits you with a +0 dagger.
You barely miss the goblin.
The goblin hits you but does no damage. x2
You hit the goblin.
The goblin is severely wounded.
The goblin misses you.
Robin hits you from afar with a +0 spear.
The goblin closely misses you.
You completely miss the goblin.
The goblin is heavily wounded.
The goblin hits you with a +0 dagger. Robin completely misses you.
The goblin completely misses you.
You barely miss the goblin.
The goblin is heavily wounded.
The goblin barely misses you.
Robin hits you from afar with a +0 spear.
The goblin hits you with a +0 dagger.
You hit the goblin.
You kill the goblin!
Robin hits you from afar with a +0 spear!
* * * LOW HITPOINT WARNING * * *
The goblin hits you but does no damage. The goblin misses you.
Robin throws the goblin at you!
You see here a +0 dagger.
You sock the goblin!
You kill the goblin!
The goblin no longer looks unusually strong.
Robin throws the goblin at you! The goblin hits you but does no damage.
You sock the goblin!
You kill the goblin!
Robin hits you from afar with a +0 spear.
You die...

..........# g.g_g.g#.#
..........# ...g..g..#
..........# #..#
..........###### #.g#
.†.............# #.g#
.#######.......#.####..###
.##....'......<#.......g.#
###.####.......#######†#.#
#.# ##......)@)g..).#.#
#.# #.############.#.#
#.#####.# #...#
###.......# #...#
...######## #...# ##.#
#...# #.# #..># #.# ....#
#.# #.#.#


You could see Robin (strong).

Vanquished Creatures
  2 adders (D:2)
  A dart slug (D:1)
  3 endoplasms (D:1)
  3 giant cockroaches
  14 goblins
  6 hobgoblins
  5 jackals (D:1)
  A quokka (D:1)
  A ball python (D:1)
  7 bats (D:1)
  2 frilled lizards (D:1)
  2 kobolds (D:1)
  3 rats
50 creatures vanquished.

Notes
Turn   | Place    | Note
-------+----------+-------------------------------------------
     0 | D:1      | st0uf the Gargoyle Gladiator began the quest for the Orb.
     0 | D:1      | Reached XP level 1. HP: 12/12 MP: 1/1
    61 | D:1      | Reached XP level 2. HP: 18/18 MP: 2/2
   102 | D:1      | Reached skill level 1 in Armour
   387 | D:1      | Reached XP level 3. HP: 22/22 MP: 3/3
  1183 | D:2      | Reached XP level 4. HP: 23/27 MP: 4/4
  1229 | D:2      | Reached skill level 4 in Staves
  1365 | D:2      | Noticed Robin
  1366 | D:2      | Found a faded altar of an unknown god.
  1395 | D:2      | Slain by Robin

Illustrated notes

Levels and vault maps discovered:
D:1:      ncdulo_halloftheorcs, layout_basic, dk_noncrumbling_2,
          minmay_misc_feat_ornament, corexii_leaking_fountain,
          serial_bayou_pond_b
D:2:      layout_basic, ebering_ecumenical_altar_sacrificial, uniq_robin,
          uniq_crazy_yiuf_cottage

Skill      XL: |  1  2  3  4 |
---------------+-------------+-----
Armour         | 1 2 |  2.0
Staves         | 4 |  4.1
Fighting       | |  2.7
Throwing       | |  1.9
Dodging        | |  2.4
Stealth        | |  0.1

Action                   |  1- 3 |  4- 6 || total
-------------------------+-------+-------++-------
Melee: Quarterstaff      |   123 |    34 ||   157
Armor: Leather armour    |    68 |    17 ||    85
Dodge: Dodged            |    88 |    17 ||   105

Table legend: (Time is in decaauts)
 A = Elapsed time spent in this place.
 B = Non-inter-level travel time spent in this place.
 C = Inter-level travel time spent in this place.
 D = Time resting spent in this place.
 E = Time spent auto-exploring this place.
 F = Levels seen in this place.
 G = Mean time per level.
                   A        B        C        D        E       F      G
               +--------+--------+--------+--------+--------+-----+--------+
         Total |   1419 |   1393 |     26 |      6 |   1026 |   2 |  709.5 |
       Dungeon |   1419 |   1393 |     26 |      6 |   1026 |   2 |  709.5 |
               +--------+--------+--------+--------+--------+-----+--------+

Top non-repeatable levels by time:
     D:1: 1043 daAuts
     D:2: 376 daAuts
